GCL
COLORADO (GCL) ROCKIES @ PHILADELPHIA (GCL) PHILLIES
09/15/2098
 
TOP OF THE 1ST
Colorado (GCL) Rockies batting - Pitching for Philadelphia (GCL) Phillies : RHP Tony Jimenez
Pitching: RHP Tony Jimenez
Batting: LHB Zacarias Morales 0-0: Ball
1-0: Fly out, F8 (Flyball, 78M, EV 96.3 MPH)
Batting: RHB Joe Winkleblack 0-0: Foul Ball, location: 7LMF
0-1: Ball
1-1: Reached on error, E6 (Groundball, 6, EV 81.9 MPH)
Batting: RHB Cal Busby 0-0: Ball
1-0: Foul Ball, location: 9LDF
1-1: Fly out, F8 (Flyball, 8LM, EV 84.4 MPH)
Batting: RHB John Ballantyne 0-0: Ball
1-0: Swinging Strike
1-1: Ball
2-1: Fly out, F8 (Flyball, 8RM, EV 100.0 MPH)
Top of the 1st over - 0 runs, 0 hits, 1 error, 1 left on base; Colorado (GCL) 0 - Philadelphia (GCL) 0
BOTTOM OF THE 1ST
Philadelphia (GCL) Phillies batting - Pitching for Colorado (GCL) Rockies : RHP Alfred Silverman
Pitching: RHP Alfred Silverman
Batting: RHB Sam Kilpatrick 0-0: Called Strike
0-1: Foul Ball, location: 2F
0-2: Foul Ball, location: 23F
0-2: Foul Ball, location: 9LMF
0-2: Ball
1-2: Foul Ball, location: 2F
1-2: Foul Ball, location: 2F
1-2: Strikes out swinging
Batting: LHB Bobby Ashburner 0-0: Foul Ball, location: 9LMF
0-1: Foul Ball, location: 7LMF
0-2: Ball
1-2: Reached on error, E4 (Groundball, 34D, EV 95.6 MPH)
Batting: RHB Kevin Mizerak 0-0: Ball
1-0: Ball
2-0: Called Strike
2-1: Ball
3-1: Fly out, F9 (Flyball, 89S, EV 88.8 MPH)
Batting: LHB Steve Dukich 0-0: Ball
1-0: Fly out, F6 (Popup, 6MD, EV 58.1 MPH)
Bottom of the 1st over - 0 runs, 0 hits, 1 error, 1 left on base; Colorado (GCL) 0 - Philadelphia (GCL) 0
TOP OF THE 2ND
Colorado (GCL) Rockies batting - Pitching for Philadelphia (GCL) Phillies : RHP Tony Jimenez
Batting: RHB Gilberto Bonilla 0-0: Called Strike
0-1: Ball
1-1: Ball
2-1: Fly out, F9 (Flyball, 9, EV 99.4 MPH)
Batting: LHB Victor Zelaya 0-0: Ball
1-0: Foul Ball, location: 2F
1-1: Ground out 5-3 (Groundball, 56, EV 86.9 MPH)
Batting: RHB Tony Puac 0-0: Swinging Strike
0-1: Ball
1-1: Ball
2-1: Foul Ball, location: 9LSF
2-2: Strikes out looking
Top of the 2nd over - 0 runs, 0 hits, 0 errors, 0 left on base; Colorado (GCL) 0 - Philadelphia (GCL) 0
BOTTOM OF THE 2ND
Philadelphia (GCL) Phillies batting - Pitching for Colorado (GCL) Rockies : RHP Alfred Silverman
Batting: RHB Jason Tuberville 0-0: Called Strike
0-1: Ball
1-1: Foul Ball, location: 7LSF
1-2: Foul Ball, location: 2F
1-2: Ball
2-2: Ball
3-2: Strikes out swinging
Pitching: RHP Jayden Thompson
Batting: RHB Carlos Garcia 0-0: Foul Ball, location: 5DF
0-1: Ball
1-1: Foul Ball, location: 2F
1-2: Foul Ball, location: 5SF
1-2: Ball
2-2: Strikes out swinging
Batting: LHB Jesus Saenz 0-0: Ground out 6-3 (Groundball, 6, EV 76.9 MPH)
Bottom of the 2nd over - 0 runs, 0 hits, 0 errors, 0 left on base; Colorado (GCL) 0 - Philadelphia (GCL) 0
TOP OF THE 3RD
Colorado (GCL) Rockies batting - Pitching for Philadelphia (GCL) Phillies : RHP Tony Jimenez
Batting: RHB Justin Trumble 0-0: Ball
1-0: Fly out, F2 (Popup, 23F, EV 79.4 MPH)
Batting: LHB Ferrie Hassink 0-0: Ball
1-0: Called Strike
1-1: Foul Ball, location: 2F
1-2: Ball
2-2: Strikes out swinging
Batting: LHB Zacarias Morales 0-0: Called Strike
0-1: Ball
1-1: Ball
2-1: Foul Ball, location: 9LDF
2-2: SINGLE (Line Drive, 7LS, EV 92.5 MPH)
Batting: RHB Joe Winkleblack 0-0: Ball
1-0: Ball
2-0: Called Strike
2-1: Ball
3-1: Foul Ball, location: 9LMF
3-2: Strikes out swinging
Top of the 3rd over - 0 runs, 1 hit, 0 errors, 1 left on base; Colorado (GCL) 0 - Philadelphia (GCL) 0
BOTTOM OF THE 3RD
Philadelphia (GCL) Phillies batting - Pitching for Colorado (GCL) Rockies : RHP Jayden Thompson
Batting: RHB Jose Rosales 0-0: Called Strike
0-1: Called Strike
0-2: Foul Ball, location: 2F
0-2: SINGLE (Line Drive, 89S, EV 86.9 MPH)
Batting: RHB Sal Torres 0-0: Ball
1-0: Fielders Choice at 2nd, 6-4 (Groundball, 6, EV 98.1 MPH)
Now at 2B: Felix Verjano
Batting: RHB Sam Kilpatrick 0-0: Ball
1-0: Ball
2-0: SINGLE (Line Drive, 34, EV 102.5 MPH)
Sal Torres to second
Batting: LHB Bobby Ashburner 0-0: Ball
1-0: Ball
2-0: Ball
3-0: Base on Balls
Sal Torres to third
Sam Kilpatrick to second
Pinch Hitting: LHB Jose Ortiz 0-0: Foul Ball, location: 2F
0-1: Ball
1-1: Ball
2-1: Ball
3-1: Base on Balls
Sal Torres scores
Sam Kilpatrick to third
Bobby Ashburner to second
Batting: LHB Steve Dukich 0-0: Called Strike
0-1: Ball
1-1: Foul Ball, location: 2F
1-2: SINGLE (Groundball, 34D, EV 94.4 MPH)
Sam Kilpatrick scores
Bobby Ashburner to third
Jose Ortiz to second
Runner from 3rd tries for Home, SAFE, throw by RF to home
Batting: RHB Jason Tuberville 0-0: Ball
1-0: Ball
2-0: Ball
3-0: Called Strike
3-1: SINGLE (Line Drive, 5D, EV 107.5 MPH)
Jose Ortiz to third
Steve Dukich to second
Batting: RHB Carlos Garcia 0-0: Ball
1-0: Called Strike
1-1: Grounds into double play, 2-3 (Groundball, 2L, EV 70.6 MPH)
Bottom of the 3rd over - 3 runs, 4 hits, 0 errors, 2 left on base; Colorado (GCL) 0 - Philadelphia (GCL) 3
TOP OF THE 4TH
Colorado (GCL) Rockies batting - Pitching for Philadelphia (GCL) Phillies : RHP Tony Jimenez
Now in LF: Jose Cossio
Batting: RHB Cal Busby 0-0: Ball
1-0: Ball
2-0: Ball
3-0: Fly out, F9 (Flyball, 9LM, EV 91.3 MPH)
Batting: RHB John Ballantyne 0-0: Called Strike
0-1: Called Strike
0-2: Ball
1-2: Strikes out swinging
Batting: RHB Gilberto Bonilla 0-0: Ball
1-0: Fly out, F9 (Flyball, 9LMF, EV 96.9 MPH)
Top of the 4th over - 0 runs, 0 hits, 0 errors, 0 left on base; Colorado (GCL) 0 - Philadelphia (GCL) 3
BOTTOM OF THE 4TH
Philadelphia (GCL) Phillies batting - Pitching for Colorado (GCL) Rockies : RHP Jayden Thompson
Batting: LHB Jesus Saenz 0-0: Ball
1-0: Foul Ball, location: 2F
1-1: Ball
2-1: Foul Ball, location: 7LDF
2-2: Ball
3-2: Ground out 6-3 (Groundball, 6, EV 87.5 MPH)
Batting: RHB Jose Rosales 0-0: Fly out, F8 (Flyball, 8LD, EV 104.4 MPH)
Batting: RHB Sal Torres 0-0: Swinging Strike
0-1: Ball
1-1: SOLO HOME RUN (Flyball, 78XD, EV 105.6 MPH), Distance : 402 ft
Batting: RHB Sam Kilpatrick 0-0: Swinging Strike
0-1: Foul Ball, location: 3FF
0-2: Foul Ball, location: 3FF
0-2: Ball
1-2: Strikes out swinging
Bottom of the 4th over - 1 run, 1 hit, 0 errors, 0 left on base; Colorado (GCL) 0 - Philadelphia (GCL) 4
TOP OF THE 5TH
Colorado (GCL) Rockies batting - Pitching for Philadelphia (GCL) Phillies : RHP Tony Jimenez
Batting: LHB Victor Zelaya 0-0: Called Strike
0-1: Ball
1-1: Ground out U3 (Groundball, 3, EV 100.0 MPH)
Batting: RHB Tony Puac 0-0: Ball
1-0: Foul Ball, location: 25F
1-1: Ball
2-1: Swinging Strike
2-2: Strikes out looking
Batting: RHB Justin Trumble 0-0: Called Strike
0-1: Foul Ball, location: 3FF
0-2: Ball
1-2: Ball
2-2: Strikes out swinging, 2-3 out at first.
Top of the 5th over - 0 runs, 0 hits, 0 errors, 0 left on base; Colorado (GCL) 0 - Philadelphia (GCL) 4
BOTTOM OF THE 5TH
Philadelphia (GCL) Phillies batting - Pitching for Colorado (GCL) Rockies : RHP Jayden Thompson
Batting: LHB Bobby Ashburner 0-0: Called Strike
0-1: Swinging Strike
0-2: SINGLE (Line Drive, 78M, EV 91.3 MPH)
Batting: RHB Jose Cossio 0-0: DOUBLE (Groundball, 5L, EV 106.3 MPH)
Bobby Ashburner to third
Batting: LHB Steve Dukich 0-0: Called Strike
0-1: Ball
1-1: Ball
2-1: Ball
3-1: SINGLE (Groundball, 4M, EV 91.9 MPH) (infield hit)
Bobby Ashburner scores
Jose Cossio to third
Pitching: RHP Bobby Contreras
Batting: RHB Jason Tuberville 0-0: Ball
1-0: Called Strike
1-1: Grounds into double play, 6-4-3 (Groundball, 6, EV 78.8 MPH)
Jose Cossio scores
Batting: RHB Carlos Garcia 0-0: Ball
1-0: Called Strike
1-1: Ball
2-1: Foul Ball, location: 2F
2-2: Ball
3-2: Foul Ball, location: 2F
3-2: Foul Ball, location: 9LDF
3-2: SINGLE (Flyball, 4D, EV 88.8 MPH)
Batting: LHB Jesus Saenz 0-0: Ball
1-0: Foul Ball, location: 5FF
1-1: Called Strike
1-2: Foul Ball, location: 5F
1-2: Strikes out swinging
Bottom of the 5th over - 2 runs, 4 hits, 0 errors, 1 left on base; Colorado (GCL) 0 - Philadelphia (GCL) 6
TOP OF THE 6TH
Colorado (GCL) Rockies batting - Pitching for Philadelphia (GCL) Phillies : RHP Tony Jimenez
Batting: LHB Ferrie Hassink 0-0: Ball
1-0: Called Strike
1-1: Ball
2-1: Swinging Strike
2-2: Foul Ball, location: 9LSFF
2-2: Strikes out swinging
Batting: LHB Zacarias Morales 0-0: Called Strike
0-1: Swinging Strike
0-2: Foul Ball, location: 5F
0-2: Ball
1-2: Strikes out swinging
Batting: SHB Felix Verjano 0-0: SINGLE (Groundball, 4, EV 90.6 MPH)
Batting: RHB Cal Busby 0-0: Ball
1-0: Foul Ball, location: 3SF
1-1: Called Strike
1-2: Ball
2-2: Strikes out swinging
Top of the 6th over - 0 runs, 1 hit, 0 errors, 1 left on base; Colorado (GCL) 0 - Philadelphia (GCL) 6
BOTTOM OF THE 6TH
Philadelphia (GCL) Phillies batting - Pitching for Colorado (GCL) Rockies : RHP Bobby Contreras
Batting: RHB Jose Rosales 0-0: Ball
1-0: Called Strike
1-1: Ball
2-1: Called Strike
2-2: Strikes out swinging, 2-3 out at first.
Batting: RHB Sal Torres 0-0: Called Strike
0-1: Foul Ball, location: 9LDF
0-2: SINGLE (Flyball, 7S, EV 93.8 MPH)
Batting: RHB Sam Kilpatrick 0-0: Swinging Strike
0-1: Swinging Strike
0-2: Ball
1-2: Ball
2-2: Foul Ball, location: 9LMF
2-2: Strikes out swinging
Batting: LHB Bobby Ashburner 0-0: Called Strike
0-1: Ball
1-1: Ball
2-1: Ball
3-1: Called Strike
3-2: Fly out, F9 (Flyball, 9D, EV 108.1 MPH)
Bottom of the 6th over - 0 runs, 1 hit, 0 errors, 1 left on base; Colorado (GCL) 0 - Philadelphia (GCL) 6
TOP OF THE 7TH
Colorado (GCL) Rockies batting - Pitching for Philadelphia (GCL) Phillies : RHP Tony Jimenez
Batting: RHB John Ballantyne 0-0: Ball
1-0: Swinging Strike
1-1: Swinging Strike
1-2: Strikes out looking
Batting: RHB Gilberto Bonilla 0-0: Foul Ball, location: 9LSFF
0-1: Ball
1-1: Fly out, F7 (Flyball, 7S, EV 93.8 MPH)
Batting: LHB Victor Zelaya 0-0: Called Strike
0-1: Ground out U3 (Groundball, 3, EV 86.9 MPH)
Top of the 7th over - 0 runs, 0 hits, 0 errors, 0 left on base; Colorado (GCL) 0 - Philadelphia (GCL) 6
BOTTOM OF THE 7TH
Philadelphia (GCL) Phillies batting - Pitching for Colorado (GCL) Rockies : RHP Bobby Contreras
Batting: RHB Jose Cossio 0-0: Called Strike
0-1: SINGLE (Line Drive, 56, EV 95.6 MPH)
Pitching: RHP MaurĂ­cio Loureno
Batting: LHB Steve Dukich 0-0: Called Strike
0-1: Ball
1-1: Foul Ball, location: 2F
1-2: Foul Ball, location: 5SF
1-2: Fly out, F4 (Popup, 4D, EV 73.1 MPH)
Batting: RHB Jason Tuberville 0-0: Called Strike
0-1: Called Strike
0-2: SINGLE (Line Drive, 56D, EV 98.8 MPH)
Jose Cossio to second
Batting: RHB Carlos Garcia 0-0: Called Strike
0-1: Swinging Strike
0-2: DOUBLE (Line Drive, 78D, EV 103.1 MPH)
Jose Cossio scores
Jason Tuberville to third
Runner from 3rd tries for Home, SAFE, throw by CF to home
Batting: LHB Jesus Saenz 0-0: Ball
1-0: Ball
2-0: Foul Ball, location: 7LSF
2-1: SINGLE (Line Drive, 3D, EV 95.0 MPH)
Carlos Garcia to third
Batting: RHB Jose Rosales 0-0: Ball
1-0: Ball
2-0: Called Strike
2-1: Ball
3-1: Foul Ball, location: 9LSF
3-2: Foul Ball, location: 5SF
3-2: Strikes out swinging
Batting: RHB Sal Torres 0-0: Ball
1-0: Ball
Wild Pitch!
Carlos Garcia scores
Jesus Saenz to second
2-0: Ball
3-0: Base on Balls
Batting: RHB Sam Kilpatrick 0-0: Ball
1-0: Ball
2-0: Foul Ball, location: 25FF
2-1: Fly out, F7 (Line Drive, 78M, EV 103.8 MPH)
Bottom of the 7th over - 3 runs, 4 hits, 0 errors, 2 left on base; Colorado (GCL) 0 - Philadelphia (GCL) 9
TOP OF THE 8TH
Colorado (GCL) Rockies batting - Pitching for Philadelphia (GCL) Phillies : RHP Tony Jimenez
Batting: RHB Tony Puac 0-0: Ball
1-0: Ball
2-0: DOUBLE (Line Drive, 7LM, EV 86.9 MPH)
Pinch Hitting: RHB Mike Shaw 0-0: Ball
1-0: Ground out 6-3 (Groundball, 6, EV 82.5 MPH)
Pinch Hitting: RHB Andy McNeily 0-0: Ball
1-0: Ball
2-0: SINGLE (Line Drive, 34D, EV 96.3 MPH)
Tony Puac to third
Runner from 3rd tries for Home, SAFE, throw by RF to home
Pitching: RHP David Wade
Pinch Hitting: LHB Miguel Corrales 0-0: Called Strike
0-1: Foul Ball, location: 9LDF
0-2: Ball
1-2: Ball
2-2: Fielders Choice at 2nd, 1-6 (Groundball, 13S, EV 60.6 MPH)
Pinch Hitting: LHB Shunichi Nishi 0-0: Ball
1-0: Called Strike
1-1: Ball
2-1: Foul Ball, location: 2F
2-2: Ball
3-2: Base on Balls
Miguel Corrales to second
Pinch Hitting: LHB Enrique Castillo 0-0: Foul Ball, location: 5F
0-1: Ball
1-1: Fly out, F1 (Popup, 13, EV 88.1 MPH)
Top of the 8th over - 1 run, 2 hits, 0 errors, 2 left on base; Colorado (GCL) 1 - Philadelphia (GCL) 9
BOTTOM OF THE 8TH
Philadelphia (GCL) Phillies batting - Pitching for Colorado (GCL) Rockies : RHP MaurĂ­cio Loureno
Pitching: LHP Oscar Soliz
Now at 1B: Enrique Castillo
Now at 2B: Mike Shaw
Now at SS: Shunichi Nishi
Now in CF: Miguel Corrales
Now in RF: Jamie Vose
Pinch Hitting: RHB Jason Coburn 0-0: Ball
1-0: Called Strike
1-1: Foul Ball, location: 9LSF
1-2: Strikes out looking
Batting: RHB Jose Cossio 0-0: Foul Ball, location: 2RF
0-1: Ball
1-1: Swinging Strike
1-2: Foul Ball, location: 5FF
1-2: DOUBLE (Line Drive, 89M, EV 96.3 MPH)
Batting: RHB Juan Cruz 0-0: Ball
1-0: Ball
2-0: Ball
3-0: Called Strike
3-1: Base on Balls
Batting: RHB Jason Tuberville 0-0: Called Strike
0-1: Fly out, F7 (Flyball, 7, EV 91.3 MPH)
Batting: RHB Carlos Garcia 0-0: Ball
1-0: SINGLE (Groundball, 56D, EV 94.4 MPH)
Jose Cossio to third
Juan Cruz to second
Runner from 3rd tries for Home, SAFE, throw by LF to home
Pinch Hitting: RHB Willie Pena 0-0: Called Strike
0-1: Ball
1-1: Foul Ball, location: 2LF
1-2: Hit by Pitch
Juan Cruz to third
Carlos Garcia to second
Batting: RHB Jose Rosales 0-0: Ball
1-0: Foul Ball, location: 9LDF
1-1: Foul Ball, location: 9LDF
1-2: SINGLE (Line Drive, 9S, EV 91.3 MPH)
Juan Cruz scores
Carlos Garcia to third
Willie Pena to second
Runner from 3rd tries for Home, SAFE, throw by RF to home
Batting: RHB Sal Torres 0-0: Ball
1-0: Swinging Strike
1-1: Foul Ball, location: 3SF
1-2: Ball
2-2: Fly out, F8 (Flyball, 8LM, EV 97.5 MPH)
Bottom of the 8th over - 3 runs, 3 hits, 0 errors, 2 left on base; Colorado (GCL) 1 - Philadelphia (GCL) 12
TOP OF THE 9TH
Colorado (GCL) Rockies batting - Pitching for Philadelphia (GCL) Phillies : RHP David Wade
Now at 1B: Jason Coburn
Now in RF: Willie Pena
Pinch Hitting: RHB John Noseworthy 0-0: Called Strike
0-1: Ball
1-1: Foul Ball, location: 5SF
1-2: Ball
2-2: Strikes out looking
Batting: RHB Gilberto Bonilla 0-0: Fly out, F8 (Flyball, 8LD, EV 96.3 MPH)
Pinch Hitting: RHB Cameron McKeown 0-0: Called Strike
0-1: Ball
1-1: Ground out 5-3 (Groundball, 15, EV 80.6 MPH)
Top of the 9th over - 0 runs, 0 hits, 0 errors, 0 left on base; Colorado (GCL) 1 - Philadelphia (GCL) 12
Sunday, April 14th , 2024 - OOTP Baseball 24.11 Build 85